 Dungeon Crawl Stone Soup version 0.31-a0-851-g7ff8af7976 (webtiles) character file.

Game seed: 9927675979547286396

287 BinkBink the Ruffian (level 6, 0/62 HPs)
             Began as a Troll Monk on Oct 6, 2023.
             Slain by a lemure (5 damage)
             ... led by Pikel
             ... on level 5 of the Dungeon.
             The game lasted 00:03:15 (2566 turns).

BinkBink the Ruffian (Troll Monk)                   Turns: 2566, Time: 00:03:16

Health: 0/62       AC:  7    Str: 22    XL:     6   Next: 8%
Magic:  5/5        EV: 10    Int:  6    God:
Gold:   152        SH:  0    Dex: 12    Spells: 5/5 levels left

rFire   . .          .
                       - Unarmed
rCold   . . .        c - orb {light}
rNeg    . . .        a - +0 robe
rPois   .            (helmet restricted)
rElec   .            o - +2 cloak
rCorr   .            (gloves unavailable)
SInv    .            (boots unavailable)
Will    .....        (no amulet)
Stlth   +            (no ring)
HPRegen 1.10/turn    (no ring)
MPRegen 0.09/turn

%: no passive effects
@: confused, glowing
A: large, unfitting armour, claws 3, regeneration 1, shaggy fur 1, tough skin 1
a: no special abilities


You were on level 5 of the Dungeon.
You visited 1 branch of the dungeon, and saw 5 of its levels.

You collected 152 gold pieces.

Inventory:

Missiles
 l - 2 throwing nets
Armour
 a - a +0 robe (worn)
 c - an orb of light (worn)
 o - a +2 cloak (worn)
Talismans
 i - a beast talisman
Scrolls
 e - 5 scrolls of teleportation {unknown}
 f - 2 scrolls of vulnerability {unknown}
 h - 3 scrolls of identify {unknown}
 j - a scroll of fear {unknown}
 n - a scroll of enchant armour {unknown}
Potions
 b - a potion of ambrosia
 d - a potion of brilliance {unknown}
 g - a potion of lignification {unknown}
 k - a potion of heal wounds {unknown}
 m - a potion of haste {unknown}
 p - 3 potions of curing {unknown}


   Skills:
 + Level 4.0 Fighting
 - Level 2.4 Dodging
 + Level 4.8 Unarmed Combat
 + Level 2.1 Shapeshifting


You had 5 spell levels left.
You didn't know any spells.
Your spell library was empty.

Dungeon Overview and Level Annotations

Branches:
Dungeon (5/15)             Temple (0/1) D:4

Altars:
Kikubaaqudgha
Ru

Annotations:
D:5 Pikel


Innate Abilities, Weirdness & Mutations

You are too large for most types of armour.
You have claws for hands.
Your natural rate of healing is unusually fast.
You are covered in fur. (AC +1)
You have tough skin. (AC +1)


Message History

There is an open door here.
There is an open door here.
There is a stone staircase leading down here.
You climb downwards.
The lemure shouts! x2
Found a scale mail.
Found a stone staircase leading down.
There is a stone staircase leading up here.
There are monsters nearby!
Pikel hits you with a +2 whip of flaming.
Pikel burns you.
You claw Pikel!
Pikel is heavily wounded.
You claw Pikel!
Pikel is severely wounded.
The lemure hits you. The lemure barely misses you.
Pikel hits you but does no damage.
You closely miss Pikel.
Pikel is severely wounded.
The lemure closely misses you.
Pikel hits you with a +2 whip of flaming!
Pikel burns you. The lemure hits you.
You claw Pikel!
Pikel is almost dead.
The lemure hits you. The lemure hits you!
Pikel zaps a wand.
Your will is overpowered!
You are confused.
The lemure hits you but does no damage. The lemure hits you.
You are too injured to fight recklessly!
You are too injured to fight recklessly!
You are too injured to fight recklessly!
You closely miss Pikel.
Pikel is almost dead.
The lemure hits you but does no damage. The lemure hits you!
Pikel hits you with a +2 whip of flaming!
* * * LOW HITPOINT WARNING * * *
Pikel burns you.
* * * LOW HITPOINT WARNING * * *
The lemure hits you.
* * * LOW HITPOINT WARNING * * *
The lemure hits you.
You die...

.............
............# .
............#..
...............
...............
..........#...>
...[..K55......
......5@.......
......5<.#####.
........##
.......##
......# ......
.#.... #...#
....


You could see Pikel and 4 lemures.

Vanquished Creatures
  A scorpion (D:4)
  A hound (D:4)
  An orc priest (D:4)
  An iguana (D:4)
  5 adders
  4 worms
  2 dart slugs
  6 orcs
  6 endoplasms
  4 giant cockroaches
  8 goblins
  6 hobgoblins
  4 jackals (D:1)
  2 quokkas
  11 ball pythons
  5 bats
  4 frilled lizards
  4 kobolds
  4 rats
79 creatures vanquished.

Notes
Turn   | Place    | Note
-------+----------+-------------------------------------------
     0 | D:1      | BinkBink the Troll Monk began the quest for the Orb.
     0 | D:1      | Reached XP level 1. HP: 22/22 MP: 0/0
    61 | D:1      | Reached XP level 2. HP: 26/29 MP: 1/1
   365 | D:1      | Reached XP level 3. HP: 37/37 MP: 2/2
   654 | D:2      | Identified the +0 chain mail "Qyech" {Int+7}
   907 | D:2      | Reached XP level 4. HP: 45/45 MP: 3/3
  1756 | D:4      | Reached skill level 1 in Shapeshifting
  1756 | D:4      | Reached XP level 5. HP: 53/53 MP: 4/4
  2138 | D:4      | Reached XP level 6. HP: 51/62 MP: 5/5
  2330 | D:4      | Found a staircase to the Ecumenical Temple.
  2391 | D:4      | Found an ancient bone altar of Kikubaaqudgha.
  2394 | D:4      | Found a sacrificial altar of Ru.
  2560 | D:5      | Entered Level 5 of the Dungeon
  2560 | D:5      | Noticed Pikel
  2566 | D:5      | Slain by a lemure

Illustrated notes

Levels and vault maps discovered:
D:1:      saegor_arrival_simple_b, layout_loops_ring, nicolae_wormholes
D:2:      layout_rooms
D:3:      layout_basic
D:4:      layout_basic, nicolae_overflow_hidden_temple,
          minmay_temple_entry_poolview
D:5:      layout_cave_pools, uniq_blork_the_orc, uniq_pikel

Skill      XL: |  1  2  3  4  5 |
---------------+----------------+-----
Fighting       | 3 4 |  4.0
Unarmed Combat | 4 |  4.8
Shapeshifting  | 1 2 |  2.1
Dodging        | |  2.4

Action                     |  1- 3 |  4- 6 || total
---------------------------+-------+-------++-------
  Melee: Unarmed           |    78 |    72 ||   150
 Armour: Robe              |    38 |    51 ||    89
  Dodge: Dodged            |    42 |    20 ||    62

Table legend: (Time is in decaauts)
 A = Elapsed time spent in this place.
 B = Non-inter-level travel time spent in this place.
 C = Inter-level travel time spent in this place.
 D = Time resting spent in this place.
 E = Time spent auto-exploring this place.
 F = Levels seen in this place.
 G = Mean time per level.
                   A        B        C        D        E       F      G
               +--------+--------+--------+--------+--------+-----+--------+
         Total |   2553 |   2449 |    104 |      0 |   2046 |   5 |  510.6 |
       Dungeon |   2553 |   2449 |    104 |      0 |   2046 |   5 |  510.6 |
               +--------+--------+--------+--------+--------+-----+--------+

Top non-repeatable levels by time:
     D:4: 1026 daAuts
     D:1: 643 daAuts
     D:3: 511 daAuts
     D:2: 366 daAuts
     D:5: 5 daAuts
